 Dungeon Crawl Stone Soup version 0.30-a0-1085-g990a428a5c (webtiles) character file.

Game seed: 7787517770549307209

4 BubbleThief the Cudgeller (level 1, -2/21 HPs)
             Began as a Naga Cinder Acolyte on Apr 16, 2023.
             Was a High Priest of Ignis.
             Slain by a hobgoblin (4 damage)
             ... on level 1 of the Dungeon.
             The game lasted 00:00:16 (63 turns).

BubbleThief the Cudgeller (Naga Cinder Acolyte)       Turns: 63, Time: 00:00:17

Health: -2/21      AC:  1    Str: 16    XL:     1   Next: 70%
Magic:  2/2        EV:  9    Int: 14    God:    Ignis [*****.]
Gold:   0          SH:  0    Dex:  6    Spells: 2/2 levels left

rFire   + . .      SeeInvis +    a - -1 mace (flame)
rCold   . . .      Faith    .    (no shield)
rNeg    . . .      Spirit   .    b - +0 robe
rPois   +          Reflect  .    (no helmet)
rElec   .          Rampage  .    (no cloak)
rCorr   .                        (no gloves)
Will    .....                    (no barding)
Stlth   +                        (no amulet)
HPRegen 0.23/turn                (no ring)
MPRegen 0.08/turn                (no ring)

@: very slow
A: AC +0, large, see invisible, deformed body, poison resistance, slowness 2,
spit poison 1, naga tail 1
a: Spit Poison, Renounce Religion, Fiery Armour, Foxfire Swarm, Rising Flame


You were on level 1 of the Dungeon.
You worshipped Ignis.
Ignis was extremely pleased with you.
You visited 1 branch of the dungeon, and saw 1 of its levels.

Inventory:

Hand Weapons
 a - a -1 mace of flaming (weapon)
Armour
 b - a +0 robe (worn)


   Skills:
 + Level 3.0 Fighting
 + Level 3.1 Maces & Flails
 + Level 1.1 Spellcasting
 + Level 3.0 Fire Magic


You had 2 spell levels left.
You didn't know any spells.
Your spell library contained the following spells:

 Spells                   Type           Power      Damage    Failure   Level
 Scorch                   Fire           18%        2d5       11%         2


Dungeon Overview and Level Annotations

Branches:
Dungeon (1/15)

Altars:


Innate Abilities, Weirdness & Mutations

Your serpentine skin is tough. (AC +0)
You have supernaturally acute eyesight. (SInv)
Armour fits poorly on your strangely shaped body.
Your system is resistant to poisons. (rPois)
You cover ground very slowly.
You can spit poison.
You have a snake-like lower body.


Message History

You see here a quokka corpse.
Found 5 stones.
The dart slug bites you.
You thump the dart slug! You burn the dart slug.
You kill the dart slug!
No target in view!
HP restored.
A hobgoblin comes into view.
The hobgoblin shouts!
A hobgoblin comes into view.
You closely miss the hobgoblin.
The hobgoblin shouts!
The hobgoblin closely misses you. The hobgoblin hits you.
You hit the hobgoblin. You burn the hobgoblin.
The hobgoblin is heavily wounded.
You hit the hobgoblin but do no damage.
The hobgoblin is heavily wounded.
The hobgoblin hits you.
Aiming: Spit Poison (3% risk of failure)
Press: ? - help, Shift-Dir - straight line, f - hobgoblin
Aim: a hobgoblin (53% to hit)
The splash of poison hits the hobgoblin but does no damage.
The hobgoblin is poisoned.
The hobgoblin hits you. x2
Unknown command.
You barely miss the hobgoblin.
The hobgoblin is heavily wounded.
The hobgoblin hits you. The hobgoblin barely misses you.
Unknown command.
You hit the hobgoblin but do no damage.
The hobgoblin is heavily wounded.
You have got your breath back.
The hobgoblin hits you. x2
* * * LOW HITPOINT WARNING * * *
Unknown command.
You closely miss the hobgoblin.
The hobgoblin is heavily wounded.
The hobgoblin looks more healthy.
The hobgoblin closely misses you. The hobgoblin hits you.
* * * LOW HITPOINT WARNING * * *
The hobgoblin hits you.
You die...

#...........#
#....##..#..#
#......#†...#
.....##.##...#
##.#..#.###..#
#.##.#.# #..#
#.# .#. #.†##
#.###...#
#......@#
#####..gg......
........(....
##........####
#........#
#........#
#........#
#........#


You could see 2 hobgoblins.

Vanquished Creatures
  A dart slug (D:1)
  A quokka (D:1)
  A rat (D:1)
3 creatures vanquished.

Notes
Turn   | Place    | Note
-------+----------+-------------------------------------------
     0 | D:1      | BubbleThief the Naga Cinder Acolyte began the quest for the
                  | Orb.
     0 | D:1      | Reached XP level 1. HP: 21/21 MP: 2/2
    63 | D:1      | Slain by a hobgoblin

Illustrated notes

Levels and vault maps discovered:
D:1:      dpeg_arrival_shelter, layout_basic, st_stairs_10

Action                     || total
---------------------------++-------
  Melee: Mace              ||    10
Ability: Spit Poison       ||     1
  Dodge: Dodged            ||     4

Table legend: (Time is in decaauts)
 A = Elapsed time spent in this place.
 B = Non-inter-level travel time spent in this place.
 C = Inter-level travel time spent in this place.
 D = Time resting spent in this place.
 E = Time spent auto-exploring this place.
 F = Levels seen in this place.
 G = Mean time per level.
                   A        B        C        D        E       F      G
               +--------+--------+--------+--------+--------+-----+--------+
         Total |     77 |     77 |      0 |      0 |     48 |   1 |   77.0 |
       Dungeon |     77 |     77 |      0 |      0 |     48 |   1 |   77.0 |
               +--------+--------+--------+--------+--------+-----+--------+

Top non-repeatable levels by time:
     D:1: 77 daAuts
